 Dungeon Crawl Stone Soup version 0.31.0-32-g396128a36d (webtiles) character file.

Game seed: 15458658678988499133

1697 BlackCrag the Basher (level 8, -8/111 HPs)
             Began as a Minotaur Berserker on Apr 1, 2024.
             Was a Priest of Trog.
             Mangled by a soul eater (12 damage)
             ... summoned by a kobold demonologist
             ... on level 5 of the Dungeon.
             The game lasted 00:13:55 (3507 turns).

BlackCrag the Basher (Minotaur Berserker)           Turns: 3507, Time: 00:13:56

Health: -8/111     AC:  5    Str: 23    XL:     8   Next: 72%
Magic:  7/7        EV: 13    Int:  4    God:    Trog [***...]
Gold:   270        SH:  0    Dex: 11    Spells: 7/7 levels left

rFire   x . .        n - +1 mace "Hyb Onte" {flame, +Blink rElec rF- rN+++}
rCold   . . .        (no shield)
rNeg    + + +        c - +0 troll leather armour {Pargi}
rPois   .            (helmet restricted)
rElec   +            l - +0 cloak
rCorr   .            i - +0 pair of gloves
SInv    .            (no boots)
Will    ++...        e - amulet of the acrobat Stlth
                     (no ring)
HPRegen 2.18/turn    (no ring)
MPRegen 0.10/turn

%: acrobat
@: berserking, strong-willed, regenerating, slowed
A: horns 2, retaliatory headbutt
a: Renounce Religion, Evoke Blink, Berserk, Trog's Hand


You were on level 5 of the Dungeon.
You worshipped Trog.
Trog was most pleased with you.
You visited 1 branch of the dungeon, and saw 5 of its levels.
You also visited: Sewer.

You collected 270 gold pieces.

Inventory:

Hand Weapons
 n - the +1 mace "Hyb Onte" (weapon) {flame, +Blink rElec rF- rN+++}
   (You found it on level 3 of the Dungeon)

   rF-:       It makes you vulnerable to fire.
   rElec:     It insulates you from electricity.
   rN+++:     It renders you almost immune to negative energy.
   +Blink:    It lets you blink.
 o - a +2 great sword
 r - a +1 flail of venom
Missiles
 q - a throwing net
Armour
 c - a +0 troll leather armour (worn) {Pargi}
 i - a +0 pair of gloves (worn)
 l - a +0 cloak (worn)
Jewellery
 e - an amulet of the acrobat (around neck)
Scrolls
 f - a scroll of brand weapon {unknown}
 g - a scroll of vulnerability {unknown}
 h - 4 scrolls of poison {unknown}
 j - a scroll of butterflies {unknown}
 k - 3 scrolls of teleportation {unknown}
 m - a scroll of silence
 p - a scroll of enchant armour
Potions
 b - a potion of haste {unknown}
 s - a potion of berserk rage


   Skills:
 * Level 7.9 Fighting
 * Level 9.9 Maces & Flails
 * Level 2.5 Throwing
 + Level 3.7 Armour
 + Level 4.9 Dodging
 + Level 0.5 Stealth


You had 7 spell levels left.
You didn't know any spells.
Your spell library was empty.

Dungeon Overview and Level Annotations

Branches:
Dungeon (5/15)              Sewer (visited)
 Temple: D:4-7

Altars:
Fedhas
Ru
Xom

Annotations:
D:4 Blork the orc


Innate Abilities, Weirdness & Mutations

You have a pair of horns on your head.
You reflexively headbutt those who attack you in melee.


Message History

You feel sick.
The kobold brigand hits you with a +0 short sword.
The kobold brigand misses you.
You thump the kobold brigand! You burn the kobold brigand.
You kill the kobold brigand!
Trog accepts your kill.
You feel sick.
The kobold brigand throws a poisoned dart.
The poisoned dart hits you!
You are more poisoned.
You feel very sick.
The kobold demonologist hits you with a +3 dagger.
Items here: (( )) ÷ †.
You feel better.
The crimson imp disappears in a puff of smoke!
The kobold demonologist gestures wildly while chanting.
The kobold demonologist miscasts a cantrip.
A red film seems to cover your vision as you go berserk!
You feel yourself moving faster!
You feel mighty! The soul eater hits you!
You closely miss the sixfirhy. The sixfirhy closely misses you.
The soul eater closely misses you.
You barely miss the sixfirhy. The soul eater hits you!
You barely miss the sixfirhy. Your punch misses the sixfirhy.
The soul eater hits you.
You miss the sixfirhy. The sixfirhy closely misses you.
You furiously retaliate!
You headbutt the sixfirhy! The sixfirhy misses you. The sixfirhy hits you.
The sixfirhy shocks you. You resist. The sixfirhy hits you!
* * * LOW HITPOINT WARNING * * *
The sixfirhy shocks you. You resist.
* * * LOW HITPOINT WARNING * * *
The kobold demonologist casts a spell.
The soul eater hits you!!
* * * LOW HITPOINT WARNING * * *
You sock the sixfirhy! You burn the sixfirhy.
The sixfirhy is severely wounded.
The sixfirhy disappears in a puff of smoke!
The kobold demonologist gestures wildly while chanting.
The soul eater hits you!
You die...

8###########........
#........ #........
#..[.....
########........
###............†..
#.................
#3#...............
#@###########.....
#§# ÷÷.##.... ##K##
÷.÷..##...
####KKK####..K...
####
+...355÷.÷K÷K...) #
####÷÷÷####KK....
#### ##.##..##÷÷...
#...
#.##...##÷..#####.
#.##....#####.###.


You could see a soul eater (summoned), a kobold demonologist, a ynoxinul
(summoned), 3 kobold brigands and 2 iron imps.

Vanquished Creatures
  Grinder (D:4)
  Sigmund (D:2)
  Pargi (Sewer)
  A black bear (D:4)
  A centaur (D:3)
  A phantom (D:5)
  2 kobold brigands (D:5)
  A brain worm (Sewer)
  3 scorpions
  3 wights (D:4)
  A hound (D:5)
  A gnoll bouda (D:3)
  2 orc priests
  2 iguanas (D:5)
  An orc wizard (D:5)
  A sleepcap (D:4)
  6 adders
  9 gnolls (D:3)
  A river rat (D:4)
  3 ribbon worms
  2 dart slugs
  17 orcs
  7 endoplasms
  4 giant cockroaches
  5 goblins
  4 hobgoblins
  2 jackals (D:5)
  3 quokkas
  2 ball pythons
  12 bats
  2 frilled lizards (D:1)
  9 kobolds
  2 rats
113 creatures vanquished.

Notes
Turn   | Place    | Note
-------+----------+-------------------------------------------
     0 | D:1      | BlackCrag the Minotaur Berserker began the quest for the
                  | Orb.
     0 | D:1      | Reached XP level 1. HP: 19/19 MP: 0/0
   183 | D:1      | Reached skill level 4 in Maces & Flails
   218 | D:1      | Reached XP level 2. HP: 27/27 MP: 1/1
   680 | D:2      | Noticed Sigmund
   690 | D:2      | Killed Sigmund
   691 | D:2      | Reached skill level 5 in Fighting
   691 | D:2      | Reached skill level 6 in Maces & Flails
   691 | D:2      | Reached XP level 3. HP: 36/36 MP: 2/2
   691 | D:2      | Reached XP level 4. HP: 42/42 MP: 3/3
   691 | D:2      | Reached XP level 5. HP: 48/48 MP: 4/4
  1356 | D:3      | Reached ** piety under Trog
  1461 | D:3      | Noticed a centaur
  1472 | D:3      | Killed a centaur
  1473 | D:3      | Reached XP level 6. HP: 56/56 MP: 5/5
  1596 | D:3      | Reached skill level 7 in Maces & Flails
  1597 | D:3      | Found a shimmering altar of Xom.
  1600 | D:3      | Found a sacrificial altar of Ru.
  1605 | D:3      | Identified the +1 mace "Hyb Onte" {flame, +Blink rElec rF-
                  | rN+++}
  2358 | D:4      | Reached skill level 1 in Throwing
  2358 | D:4      | Reached XP level 7. HP: 59/63 MP: 6/6
  2400 | D:4      | Reached skill level 8 in Maces & Flails
  2426 | D:4      | Found a blossoming altar of Fedhas.
  2441 | D:4      | Reached *** piety under Trog
  2446 | D:4      | Found a glowing drain.
  2467 | Sewer    | Entered a sewer
  2627 | Sewer    | Reached XP level 8. HP: 66/71 MP: 5/7
  2627 | Sewer    | Noticed Pargi
  2639 | Sewer    | Killed Pargi
  2952 | D:4      | Noticed Blork the orc
  3010 | D:4      | Noticed Grinder
  3020 | D:4      | Killed Grinder
  3021 | D:4      | Reached skill level 9 in Maces & Flails
  3151 | D:5      | Entered Level 5 of the Dungeon
  3478 | D:5      | Found the +7 Throatcutter {drain, coup de grace}
  3478 | D:5      | Noticed a kobold demonologist
  3496 | D:5      | Noticed a sixfirhy
  3502 | D:5      | Noticed a soul eater
  3506 | D:5      | HP: 2/111 [soul eater[a kobold demonologist] (20)]
  3507 | D:5      | Mangled by a soul eater

Illustrated notes

Levels and vault maps discovered:
D:1:      wander_arrival_fairy_ring, layout_loops_ring, st_stairs_5
D:2:      layout_rooms, uniq_sigmund
D:3:      layout_loops_ring, jmf_multi_god_temple2
D:4:      layout_basic, fedhas_ov_isle_minmay, tgw_sif,
          cheibrodos_sewer_entry_sluice, uniq_grinder
D:5:      layout_basic, minmay_temple_entry_statues,
          dilly_guarded_unrand_throatcut, uniq_duvessa

Skill      XL: |  1  2  3  4  5  6  7  8 |
---------------+-------------------------+-----
Maces & Flails | 4 6 7 8 9 |  9.9
Fighting       | 5 6 7 |  7.9
Armour         | 3 |  3.7
Dodging        | 3 4 |  4.9
Throwing       | 1 2 |  2.5
Stealth        | |  0.5

Action                     |  1- 3 |  4- 6 |  7- 9 || total
---------------------------+-------+-------+-------++-------
  Melee: Mace              |    28 |    88 |   117 ||   233
         Headbutt          |     3 |    11 |    22 ||    36
         Flail             |       |    13 |       ||    13
         Punch             |       |     2 |     1 ||     3
  Throw: Stone             |     1 |     9 |     9 ||    19
 Invoke: Berserk           |     1 |     1 |     4 ||     6
         Trog's Hand       |       |     1 |     3 ||     4
    Use: Scroll            |       |     2 |     2 ||     4
         Potion            |       |       |     1 ||     1
 Armour: Animal skin       |     4 |       |       ||     4
         Leather armour    |     6 |    60 |    33 ||    99
         Troll leather arm |       |       |    32 ||    32
  Dodge: Dodged            |    30 |    66 |    79 ||   175
